Map: Acolyte LE

Players

SamuraiFunn - Winner!

  • Race: Protoss Protoss
  • Spawn Location: 7:00

A.I. 1 (Hard)

  • Race: Zerg Zerg
  • Spawn Location: 1:00

VOD

Have the link to the VOD?

Description

Time

  • Played on: Oct. 28, 2017, 12:53 p.m.
  • Length: 17:09
Show
View Real Time Build Order
Export as new Build Order

SamuraiFunn Protoss - Winner!

Build Orders:  

Get SALT Encoding   

  12  0:02  Probe (Chrono Boost)  
  13  0:12  Probe (Chrono Boost)  
  14  0:19  Pylon  
  14  0:23  Probe (Chrono Boost)  
  15  0:37  Probe (Chrono Boost)  
  15  0:40  Gateway  
  16  0:47  Probe (Chrono Boost)  
  17  0:58  Probe (Chrono Boost)  
  17  1:03  Gateway  
  18  1:08  Probe (Chrono Boost)  
  19  1:19  Probe (Chrono Boost)  
  20  1:32  Probe (Chrono Boost), Pylon  
  21  1:40  Forge  
  21  1:43  Probe (Chrono Boost), Assimilator  
  22  1:50  Zealot  
  24  1:57  Probe (Chrono Boost)  
  24  2:22  Assimilator  
  24  2:26  Pylon  
  24  2:27  Zealot  
  24  2:28  Zealot  
  28  2:35  Cybernetics Core  
  28  2:42  Pylon  
  28  2:56  Probe (Chrono Boost)  
  29  3:04  Zealot x2  
  33  3:13  Gateway  
  33  3:26  Gateway  
  33  3:31  Adept  
  33  3:32  Protoss Ground Weapons Level 1  
  35  3:39  Adept  
  37  3:45  Pylon  
  37  3:57  Twilight Council  
  37  3:58  Adept  
  37  4:00  Adept  
  41  4:06  Adept  
  43  4:23  Adept  
  45  4:25  Adept  
  47  4:41  Pylon  
  47  4:42  Assimilator  
  47  4:47  Probe (Chrono Boost), Assimilator  
  48  4:56  Nexus  
  48  5:01  Adept  
  34  5:57  Robotics Facility  
  34  5:58  Robotics Facility  
  34  6:00  Robotics Facility  
  34  6:06  Robotics Facility  
  34  6:10  Pylon  
  34  6:13  Probe (Chrono Boost)  
  35  6:21  Probe (Chrono Boost)  
  35  6:24  Probe (Chrono Boost)  
  37  6:31  Probe (Chrono Boost)  
  38  6:34  Probe (Chrono Boost)  
  39  6:43  Resonating Glaives  
  39  6:45  Probe (Chrono Boost)  
  39  6:46  Adept  
  42  6:50  Adept  
  44  6:54  Adept  
  44  6:55  Probe (Chrono Boost), Adept  
  49  7:04  Probe (Chrono Boost)  
  49  7:06  Probe (Chrono Boost)  
  51  7:15  Probe (Chrono Boost)  
  52  7:16  Probe (Chrono Boost)  
  53  7:27  Probe (Chrono Boost)  
  54  7:35  Immortal x2  
  62  7:40  Immortal  
  66  7:52  Probe (Chrono Boost)  
  66  7:55  Probe (Chrono Boost)  
  68  8:02  Probe (Chrono Boost)  
  69  8:06  Probe (Chrono Boost)  
  69  8:09  Immortal  
  75  8:13  Probe (Chrono Boost), Adept x2  
  75  8:16  Probe (Chrono Boost)  
  80  8:33  Nexus  
  78  9:08  Immortal x2  
  86  9:45  Immortal x2, Adept x3  
  100  9:56  Pylon  
  100  9:57  Pylon  
  100  10:04  Pylon  
  100  10:05  Pylon  
  100  10:10  Pylon  
  100  10:14  Probe (Chrono Boost), Adept x2  
  105  10:24  Probe (Chrono Boost)  
  105  10:26  Probe (Chrono Boost)  
  107  10:32  Probe (Chrono Boost)  
  107  10:35  Probe (Chrono Boost)  
  109  10:36  Adept x2  
  109  10:37  Probe (Chrono Boost)  
  109  10:39  Immortal x2  
  109  10:42  Probe (Chrono Boost)  
  123  10:45  Probe (Chrono Boost)  
  123  10:47  Probe (Chrono Boost)  
  125  10:53  Probe (Chrono Boost)  
  125  10:56  Probe (Chrono Boost)  
  127  10:58  Probe (Chrono Boost)  
  127  11:00  Adept x2  
  127  11:03  Immortal, Adept  
  138  11:07  Probe (Chrono Boost)  
  137  11:26  Stalker  
  137  11:27  Stalker x2  
  137  11:30  Stalker  
  119  11:56  Stalker  
  119  11:57  Stalker x2  
  119  12:00  Stalker  
  127  12:06  Photon Cannon  
  127  12:07  Photon Cannon  
  127  12:08  Photon Cannon  
  127  12:13  Photon Cannon  
  127  12:15  Photon Cannon  
  127  12:26  Stalker  
  127  12:27  Stalker x2  
  133  12:34  Observer  
  133  12:35  Observer  
  135  12:59  Nexus  
  135  13:02  Pylon  
  135  13:06  Pylon  
  135  13:08  Pylon  
  135  13:13  Pylon  
  135  13:15  Stargate  
  135  13:16  Stargate  
  135  13:17  Stargate x2  
  135  13:21  Pylon  
  135  13:29  Assimilator  
  135  13:33  Assimilator  
  135  13:35  Photon Cannon  
  135  13:36  Photon Cannon  
  135  13:40  Photon Cannon x2  
  135  13:45  Photon Cannon  
  135  13:46  Photon Cannon  
  135  13:47  Photon Cannon  
  135  13:49  Observer  
  136  14:19  Stalker x4  
Show
View Real Time Build Order
Export as new Build Order

A.I. 1 (Hard) Zerg 

Build Orders: Pool First 

Get SALT Encoding   

  12  0:00  Drone  
  13  0:12  Overlord  
  13  0:16  Drone  
  14  0:30  Drone  
  14  0:31  Drone  
  16  0:44  Spawning Pool  
  16  0:46  Drone  
  16  0:50  Drone  
  16  0:53  Extractor  
  16  0:56  Drone  
  17  1:05  Overlord  
  17  1:31  Zergling x2, Queen  
  20  1:36  Zergling x2  
  20  1:37  Roach Warren  
  20  1:38  Drone  
  21  1:43  Extractor  
  20  1:49  Drone  
  21  1:59  Drone  
  22  2:10  Overlord  
  22  2:21  Drone  
  23  2:32  Roach  
  25  2:38  Drone, Roach  
  25  2:43  Roach  
  30  2:45  Overlord  
  30  2:54  Roach  
  32  3:05  Roach  
  34  3:10  Drone, Roach  
  37  3:15  Roach  
  37  3:16  Overlord  
  39  3:27  Drone  
  39  3:32  Baneling Nest  
  39  3:38  Roach  
  39  3:39  Evolution Chamber  
  40  3:42  Drone  
  40  3:43  Drone  
  40  3:45  Drone  
  43  3:50  Drone  
  44  4:00  Drone  
  45  4:11  Drone  
  46  4:41  Lair, Zergling x2  
  46  4:42  Zerg Melee Weapons Level 1  
  46  4:44  Evolution Chamber  
  46  4:45  Overlord  
  46  4:47  Baneling  
  46  4:48  Drone  
  47  5:12  Zerg Ground Armor Level 1  
  47  5:19  Hatchery  
  44  5:31  Drone  
  44  5:34  Zergling x2  
  42  5:40  Zergling x2  
  42  5:42  Spire  
  34  5:50  Burrow  
  34  5:52  Zergling x2  
  31  6:02  Zergling x2  
  32  6:08  Metabolic Boost  
  32  6:13  Zergling x2, Baneling  
  33  6:31  Drone  
  33  6:32  Drone  
  35  6:34  Drone  
  35  6:35  Drone  
  35  6:36  Zerg Missile Weapons Level 1  
  35  6:37  Drone  
  35  6:38  Drone  
  39  6:40  Drone, Extractor  
  39  6:41  Drone  
  39  6:44  Drone  
  41  6:52  Drone  
  41  6:53  Mutalisk  
  42  6:55  Drone  
  42  6:57  Drone  
  42  6:59  Drone  
  47  7:02  Drone  
  47  7:05  Drone  
  49  7:13  Drone  
  49  7:14  Overseer  
  50  7:16  Drone  
  50  7:22  Overseer  
  51  7:23  Mutalisk  
  51  7:24  Drone, Overlord  
  51  7:25  Drone  
  51  7:27  Drone  
  56  7:33  Spore Crawler  
  56  7:35  Drone, Spore Crawler  
  55  7:38  Drone  
  55  7:43  Spore Crawler  
  55  7:45  Drone  
  55  7:46  Spore Crawler  
  55  7:48  Drone  
  56  7:52  Queen  
  56  7:54  Mutalisk  
  56  7:55  Drone  
  56  7:57  Queen  
  63  8:00  Mutalisk  
  63  8:01  Overlord  
  65  8:06  Mutalisk  
  65  8:07  Spine Crawler  
  65  8:08  Drone  
  65  8:12  Spine Crawler, Mutalisk  
  68  8:17  Drone, Spine Crawler  
  68  8:21  Drone  
  68  8:22  Spine Crawler  
  68  8:27  Hydralisk Den, Drone  
  68  8:29  Drone  
  68  8:33  Infestation Pit  
  68  8:34  Roach  
  70  8:44  Hatchery  
  69  8:51  Roach  
  67  8:56  Roach  
  67  8:59  Hydralisk  
  67  9:00  Ravager  
  71  9:03  Overlord  
  71  9:04  Roach  
  71  9:08  Hydralisk  
  75  9:10  Pneumatized Carapace  
  75  9:12  Hydralisk  
  75  9:15  Overseer  
  77  9:17  Zergling x2  
  77  9:22  Roach  
  80  9:26  Roach, Overlord  
  80  9:30  Roach  
  84  9:34  Hydralisk, Ravager  
  84  9:35  Ravager  
  88  9:39  Roach  
  88  9:44  Roach  
  92  9:46  Overlord  
  92  9:48  Hydralisk  
  92  9:52  Hydralisk  
  94  9:57  Drone  
  94  9:58  Drone  
  98  10:00  Drone  
  98  10:01  Drone  
  98  10:03  Drone  
  98  10:04  Drone  
  98  10:06  Drone  
  103  10:07  Overlord  
  103  10:09  Drone  
  103  10:11  Drone  
  103  10:13  Drone  
  106  10:14  Drone  
  106  10:16  Drone  
  106  10:17  Drone  
  106  10:19  Drone  
  110  10:21  Drone  
  110  10:24  Drone  
  110  10:25  Drone  
  110  10:26  Overlord  
  113  10:30  Zerg Melee Weapons Level 2  
  113  10:37  Zerg Ground Armor Level 2  
  113  10:47  Drone, Extractor  
  113  10:48  Extractor  
  113  10:49  Drone  
  113  10:53  Extractor  
  113  10:54  Drone  
  113  10:58  Spore Crawler  
  113  10:59  Drone  
  113  11:00  Spore Crawler  
  113  11:02  Drone  
  113  11:03  Glial Reconstitution  
  113  11:04  Queen, Overlord  
  115  11:15  Drone, Zerg Flyer Weapons Level 1  
  115  11:18  Drone  
  111  11:19  Drone  
  111  11:21  Zergling x2, Drone  
  111  11:22  Drone  
  111  11:24  Drone x2  
  103  11:25  Drone  
  103  11:26  Roach  
  103  11:27  Drone  
  103  11:31  Roach  
  88  11:34  Extractor  
  88  11:35  Roach  
  88  11:37  Spine Crawler  
  88  11:39  Roach  
  81  11:43  Hydralisk  
  81  11:46  Hydralisk  
  85  11:49  Hydralisk  
  85  11:52  Roach  
  89  11:55  Roach  
  89  11:58  Roach  
  95  12:01  Roach  
  95  12:03  Hydralisk  
  95  12:07  Roach, Ravager  
  100  12:08  Extractor  
  100  12:10  Infestor  
  100  12:13  Roach  
  103  12:16  Roach  
  103  12:19  Roach  
  103  12:22  Roach  
  109  12:25  Roach  
  109  12:27  Roach, Overlord  
  113  12:30  Roach  
  113  12:31  Drone  
  113  12:33  Drone, Roach  
  113  12:35  Hydralisk, Drone  
  123  12:37  Drone  
  123  12:38  Hydralisk, Drone  
  123  12:40  Drone  
  123  12:41  Hydralisk  
  123  12:42  Drone  
  123  12:43  Drone  
  131  12:47  Hydralisk, Overlord  
  131  12:48  Drone  
  131  12:50  Infestor  
  136  12:53  Zerg Missile Weapons Level 2  
  136  12:58  Pathogen Glands  
  136  13:07  Overlord  
  136  13:09  Zerg Flyer Armor Level 1  
  136  13:13  Hatchery  
  136  13:15  Drone  
  136  13:21  Hive  
  136  14:03  Spine Crawler  
  135  14:13  Tunneling Claws  
  135  14:22  Drone  
  135  14:27  Queen, Drone  
  138  14:37  Queen, Drone, Spore Crawler  
  134  14:39  Drone  
  134  14:40  Zergling x2, Drone  
  134  14:42  Drone  
  134  14:43  Drone  
  134  14:45  Drone  
  108  14:47  Spore Crawler  
  108  14:48  Extractor  
  108  14:50  Roach  
  108  14:52  Extractor  
  78  14:53  Roach  
  78  14:56  Roach  
  78  14:57  Zergling x4  
  78  14:58  Zergling x4  
  78  14:59  Drone  
  70  15:01  Zergling x2  
  70  15:06  Drone  
  52  15:08  Drone  
  52  15:12  Drone  
  47  15:19  Drone  
  47  15:20  Mutalisk  
  47  15:21  Zergling x4  
  38  15:24  Zergling x2  
  38  15:28  Mutalisk x2  
  32  15:29  Drone  
  32  15:30  Drone  
  32  15:32  Hydralisk  
  35  15:36  Drone  
  35  15:37  Zergling x2  
  35  15:38  Drone  
  35  15:40  Hydralisk, Overseer, Drone  
  35  15:41  Overseer, Drone  
  35  15:42  Zergling x4  
  39  15:46  Roach  
  37  15:56  Drone, Evolution Chamber  
  28  16:05  Hatchery  
  17  16:21  Extractor  
  17  16:22  Spawning Pool  
  15  16:36  Extractor  
Tags
 
Matchup
PvZ
Opening
Pool First
Replay Pack
First 100 games
Spawn Locations
Cross Positions
Add a new tag
Caveats
  • Supply blocks, unpowered buildings, or Contaminate may cause inaccurate times.
  • Supply counts are checked every 10 seconds.